 Dungeon Crawl Stone Soup version 0.23-a0-650-ga4d50d4 (webtiles) character file.

19663 tatocazan the Basher (level 12, -6/79 HPs)
             Began as a Gargoyle Monk on Jan 6, 2019.
             Was an Elder of Zin.
             Mangled by a rust devil (11 damage)
             ... in a Gauntlet.
             The game lasted 00:39:44 (19536 turns).

tatocazan the Basher (Gargoyle Monk)               Turns: 19536, Time: 00:39:45

Health: -6/79      AC: -20   Str: 23    XL:     12   Next: 71%
Magic:  15/15      EV: 12    Int: 12    God:    Zin [****..]
Gold:   573        SH:  5    Dex: 14    Spells: 11/11 levels left

rFire    + . .     SeeInvis .   m - +1 morningstar (protect)
rCold    . . .     Gourm    .   A - +0 buckler
rNeg     + . .     Faith    .   C - +2 chain mail {rF+}
rPois    ∞         Spirit   .   l - +0 helmet
rElec    +         Reflect  .   v - +0 cloak
rCorr    .         Harm     .   (no gloves)
MR       .....     NoTele   +   (no boots)
Stlth    +.........             (no amulet)
HPRegen  0.23/turn              (no ring)
MPRegen  0.14/turn              (no ring)

@: vitalised, corroded, protection aura, starving
A: negative energy resistance 1, electricity resistance, unbreathing,
petrification resistance, rot immunity, AC +8
a: Recite, Vitalisation, Imprison, Donate Gold, Renounce Religion


You were in a Gauntlet.
You worshipped Zin.
Zin was greatly pleased with you.
You were starving.

You visited 4 branches of the dungeon, and saw 14 of its levels.
You also visited: Sewer, Bailey and Gauntlet.

You collected 636 gold pieces.
You donated 63 gold pieces to Zin.

Inventory:

Hand Weapons
 d - a +5 whip
 h - a +3 morningstar
 m - a +1 morningstar of protection (weapon)
Missiles
 b - 27 tomahawks of returning
 i - 8 javelins of penetration (quivered)
Armour
 l - a +0 helmet (worn)
 v - a +0 cloak (worn)
 A - a +0 buckler (worn)
 C - a +2 chain mail of fire resistance (worn)
 E - a +0 plate armour
Wands
 a - a wand of digging (5)
 D - a wand of iceblast (4)
 G - a wand of paralysis (5)
Scrolls
 f - a scroll of immolation
 g - 2 scrolls of amnesia
 k - 5 scrolls of fog
 n - 5 scrolls of remove curse
 q - 3 scrolls of fear
 s - a scroll of magic mapping
 u - 2 scrolls of identify
 y - a scroll of enchant weapon
 B - 2 scrolls of enchant armour
Potions
 e - a potion of resistance
 j - a potion of ambrosia {unknown}
 p - a potion of lignification {unknown}
 r - a potion of brilliance
 x - 2 potions of magic
 z - a potion of cancellation
 I - 2 potions of flight
Comestibles
 c - 12 rations


   Skills:
 + Level 10.6 Fighting
 * Level 12.0 Maces & Flails
 + Level 7.8 Armour
 + Level 8.2 Dodging
 - Level 7.3 Stealth
 + Level 4.0 Shields
 * Level 5.1 Invocations


You had 11 spell levels left.
You didn't know any spells.
Your spell library contained the following spells:

 Spells                   Type           Power        Failure   Level  Hunger
 Corona                   Hex            #......      91%         1    ##.....
 Sting                    Conj/Pois      #...         91%         1    ##.....
 Poisonous Vapours        Pois/Air       #.....       97%         2    ###....
 Slow                     Hex            #.......     97%         2    ###....
 Inner Flame              Hex/Fire       #.......     99%         3    ####...
 Mephitic Cloud           Conj/Pois/Air  #.......     99%         3    ####...
 Portal Projectile        Hex/Tloc       #.....       99%         3    ####...
 Cause Fear               Hex            #.........   100%        4    #####..
 Leda's Liquefaction      Hex/Erth       #.........   100%        4    #####..
 Olgreb's Toxic Radiance  Pois           #.......     100%        4    #####..
 Venom Bolt               Conj/Pois      #.........   100%        5    ######.


Dungeon Overview and Level Annotations

Branches:
Dungeon (11/15)            Temple (1/1) D:4            Lair (1/6) D:11
    Orc (1/2) D:9

Altars:
Ashenzari
Cheibriados
Dithmenos
Elyvilon
Fedhas
Gozag
Hepliaklqana
Kikubaaqudgha
Makhleb
Nemelex Xobeh
Okawaru
Qazlal
Ru
Sif Muna
Trog
Uskayaw
Vehumet
Wu Jian
Xom
Yredelemnul
Zin
The Shining One

Shops:
D:7 (   D:9 }   D:10 (

Portals:
Trove: D:10 (give +4 fire dragon scales)

Annotations:
D:11 1 runed door, exclusion: 4 orange crystal statues Gauntlet 7 transporters, exclusion: ice statue


Innate Abilities, Weirdness & Mutations

You are resistant to torment.
Your stone body is resilient. (AC +8)
You are immune to poison.
You resist negative energy. (rN+)
You are resistant to electric shocks. (rElec)
You can survive without breathing.
You are immune to petrification.
You are immune to rotting.


Message History

The rust devil is lightly wounded.
The ufetubus disappears in a puff of smoke!
The ynoxinul gestures.
You hit the rust devil but do no damage.
The rust devil is lightly wounded.
The rust devil closely misses you.
You hit the rust devil but do no damage.
The rust devil is lightly wounded.
The rust devil hits you.
* * * LOW HITPOINT WARNING * * *
The rust devil corrodes you!
You completely miss the rust devil.
The rust devil is lightly wounded.
You block the rust devil's attack.
You hit the rust devil but do no damage.
The rust devil is lightly wounded.
You are ready to recite again.
The ynoxinul gestures.
The rust devil hits you!
You die...

## ## ### ### ### ##
#≈###≈###≈###≈###≈###≈## ≈
≈≈≈#≈≈≈#≈≈≈#≈≈≈#≈≈≈#≈≈≈#≈≈
..........................
########...#########...###
.......#.8.#©#..@43#.8.#.#
..#.#..#...#.#.###5#...#.#
..#.#..#####...#.55#####y#
..#©#.©#©.©#####.###©.©#..
..#.#..#.8.#3....#©#.8.#.#
.[#.#..#...#.#####.#...#.#
.).†...#.8.#.....$?#.8.#.#
########...#########...###
.......#.8.........#.8....


You could see a rust devil, a ynoxinul, an iron imp and an ufetubus.

Vanquished Creatures
  A vault guard (D:10)
  An ice dragon (D:10)
  2 two-headed ogres
  A tengu warrior (Gauntlet)
  5 skeletal warriors
  An unseen horror (D:11)
  An orc knight (Bailey)
  A cyclops (D:11)
  A gargoyle (D:10)
  2 rime drakes
  A centaur skeleton (D:10)
  2 tengu conjurers (Gauntlet)
  A polar bear (D:11)
  2 hornets (D:9)
  2 hippogriffs
  3 blink frogs
  A shadow (D:11)
  A wraith (D:11)
  4 yaks (D:9)
  A steam dragon (D:8)
  4 vampire mosquitoes (D:11)
  A soldier ant (D:9)
  A water moccasin (D:11)
  Purgy (Sewer)
  7 ice beasts
  7 orc warriors
  3 phantoms
  4 sky beasts
  A necrophage (D:9)
  A black bear (D:11)
  5 ogres
  9 centaurs
  2 crocodiles
  A big kobold (D:11)
  8 bullfrogs
  An elf skeleton (D:9)
  A wyvern skeleton (D:10)
  2 scorpions
  3 killer bees (D:6)
  2 howler monkeys
  20 wights
  7 crimson imps
  4 bullfrog zombies
  A centaur zombie (D:8)
  5 human zombies (D:9)
  8 hounds
  8 orc priests
  A bullfrog skeleton (D:8)
  2 iguanas
  Natasha (Temple)
  Terence (D:3)
  22 orc wizards
  7 worker ants
  2 hound zombies (D:10)
  A hound skeleton (D:4)
  4 mummies (D:9)
  A howler monkey zombie (D:11)
  12 adders
  5 gnolls
  6 shadow imps
  3 oozes
  An adder zombie (D:10)
  2 adder skeletons
  5 worms
  5 dart slugs
  4 leopard geckos
  41 orcs
  2 ball pythons
  9 bats
  6 giant cockroaches
  21 goblins
  15 hobgoblins
  13 jackals
  22 kobolds
  A quokka (D:2)
  5 frilled lizards
  An orc zombie (D:9)
  A quokka skeleton (D:10)
  A quokka zombie (D:6)
  12 rats
386 creatures vanquished.

Vanquished Creatures (others)
  5 toadstools (D:1)
5 creatures vanquished.

Grand Total: 391 creatures vanquished

Notes
Turn   | Place    | Note
-------+----------+-------------------------------------------
     0 | D:1      | tatocazan the Gargoyle Monk began the quest for the Orb.
     0 | D:1      | Reached XP level 1. HP: 14/14 MP: 1/1
    73 | D:1      | Reached XP level 2. HP: 17/19 MP: 2/2
   270 | D:1      | Reached XP level 3. HP: 19/23 MP: 3/3
   358 | D:1      | You fall through a shaft!
   712 | D:2      | Reached XP level 4. HP: 25/29 MP: 4/4
  1116 | D:2      | Found a basalt altar of Yredelemnul.
  1748 | D:3      | Found a glowing drain.
  1766 | D:3      | Reached XP level 5. HP: 25/33 MP: 5/5
  1782 | Sewer    | Entered a sewer
  1981 | Sewer    | Noticed Purgy
  2001 | Sewer    | Killed Purgy
  2001 | Sewer    | Reached skill level 4 in Maces & Flails
  2001 | Sewer    | Reached XP level 6. HP: 24/39 MP: 6/6
  2480 | D:3      | Found a bloodstained altar of Trog.
  2534 | D:3      | Noticed Terence
  2547 | D:3      | Killed Terence
  2680 | D:3      | Found a white marble altar of Elyvilon.
  3108 | D:4      | Reached skill level 5 in Fighting
  3649 | D:4      | Found a staircase to the Ecumenical Temple.
  3660 | D:4      | Reached XP level 7. HP: 44/44 MP: 7/7
  3675 | Temple   | Entered the Ecumenical Temple
  3802 | Temple   | Became a worshipper of Zin the Law-Giver
  3802 | Temple   | Reached * piety under Zin
  3802 | Temple   | Reached ** piety under Zin
  3901 | D:4      | Noticed Natasha
  3960 | Temple   | Killed Natasha
  3960 | Temple   | Reached skill level 5 in Stealth
  4987 | D:5      | Entered Level 5 of the Dungeon
  4989 | D:5      | Found a hide-covered altar of Uskayaw.
  5009 | D:5      | Reached skill level 5 in Maces & Flails
  5220 | D:5      | Reached XP level 8. HP: 44/51 MP: 8/8
  5275 | D:5      | Reached *** piety under Zin
  5844 | D:5      | Found a shadowy altar of Dithmenos.
  6017 | D:6      | Reached skill level 5 in Dodging
  6257 | D:6      | Reached skill level 6 in Maces & Flails
  6294 | D:6      | Reached XP level 9. HP: 38/56 MP: 6/9
  7255 | D:6      | Reached skill level 1 in Armour
  7587 | D:6      | Reached skill level 7 in Maces & Flails
  8266 | D:7      | Reached skill level 8 in Maces & Flails
  8266 | D:7      | Reached XP level 10. HP: 63/64 MP: 10/10
  8362 | D:7      | Found Narchu's Weapon Shoppe.
  8411 | D:7      | Reached **** piety under Zin
  8767 | D:8      | Found a glowing golden altar of the Shining One.
  9462 | D:9      | Found a flagged portal.
  9476 | Bailey   | Entered a bailey
  9723 | Bailey   | Identified the +3 ring mail "Tuthioka" {Str+5 SInv}
  9843 | Bailey   | Noticed an orc knight
  9889 | Bailey   | Zin protects you from harm!
  9892 | Bailey   | Killed an orc knight
  9892 | Bailey   | Reached skill level 9 in Maces & Flails
 10735 | D:9      | Reached ***** piety under Zin
 10735 | D:9      | Reached skill level 5 in Armour
 10753 | D:9      | Found an ancient bone altar of Kikubaaqudgha.
 10959 | D:9      | Found a staircase to the Orcish Mines.
 11387 | D:9      | Found Cisol's Gadget Emporium.
 11505 | D:9      | Found an ornate altar of the Wu Jian Council.
 11727 | D:9      | Reached XP level 11. HP: 30/71 MP: 8/11
 12258 | D:9      | Reached skill level 10 in Maces & Flails
 12302 | D:9      | Noticed a two-headed ogre
 12334 | D:9      | HP: 3/71 [two-headed ogre/+0 giant club (9)]
 12335 | D:9      | Killed a two-headed ogre
 13166 | Orc:1    | Entered Level 1 of the Orcish Mines
 13200 | D:10     | Entered Level 10 of the Dungeon
 13504 | D:10     | Noticed a vault guard
 13520 | D:10     | Killed a vault guard
 13525 | D:10     | Found a portal to a secret trove of treasure.
 13553 | D:10     | Found Ogestrul's Antique Weapon Shop.
 13914 | D:11     | Found a runed door.
 13926 | D:11     | Found the +10 large shield of Ignorance {rN+ Int-4}
 13952 | D:11     | Found a runed door.
 13953 | D:11     | Noticed an orange crystal statue
 14074 | D:11     | Noticed an orange crystal statue
 14074 | D:11     | Noticed an orange crystal statue
 14074 | D:11     | Noticed an orange crystal statue
 14076 | D:11     | Noticed a two-headed ogre
 14147 | D:11     | Noticed a cyclops
 14626 | D:11     | Noticed an ice dragon
 14650 | D:10     | Reached skill level 1 in Shields
 14776 | D:10     | Killed an ice dragon
 14776 | D:10     | Reached skill level 10 in Fighting
 14776 | D:10     | Reached skill level 11 in Maces & Flails
 15268 | D:11     | Identified the cursed +0 broad axe "Zuughuc" {freeze,
                  | rPois}
 15282 | D:10     | Reached skill level 1 in Invocations
 15572 | D:11     | Reached XP level 12. HP: 62/77 MP: 13/13
 15891 | D:11     | Noticed a two-headed ogre
 16770 | D:11     | Found a staircase to the Lair.
 16867 | D:11     | Killed a two-headed ogre
 18600 | Lair:1   | Entered Level 1 of the Lair of Beasts
 19037 | Lair:1   | Found a gate leading to a gauntlet.
 19042 | Gauntlet | Entered a Gauntlet
 19042 | Gauntlet | Found a transporter.
 19042 | Gauntlet | Found a transporter.
 19053 | Gauntlet | Noticed a tengu warrior
 19255 | Gauntlet | Found a transporter.
 19258 | Gauntlet | Found a transporter.
 19259 | Gauntlet | Found a transporter.
 19259 | Gauntlet | Found a transporter.
 19296 | Gauntlet | Killed a tengu warrior
 19296 | Gauntlet | Reached skill level 5 in Invocations
 19306 | Gauntlet | Reached skill level 12 in Maces & Flails
 19469 | Gauntlet | Found a transporter.
 19470 | Gauntlet | Found a transporter.
 19470 | Gauntlet | Found a transporter.
 19470 | Gauntlet | Found a transporter.
 19490 | Gauntlet | Found a runed door.
 19536 | Gauntlet | Mangled by a rust devil

Vault maps used:
D:1:      ldierk_walled_garden, lexackson_kobold_supper
D:2:      lemuel_crystal_altar, first_ration, minmay_fractal_squares_5
D:3:      overflow_temple_1_default, cheibrodos_sewer_entry_drain,
          elyvilon_altar_1, uniq_terence
D:4:      minmay_temple_entry_glass, uniq_natasha
D:5:      lemuel_coloured_pillars_altar, overflow_temple_1_default,
          minmay_a_box_with_orc_wizards_in_it
D:7:      serial_shops, shop_statue
D:8:      basic_altar
D:9:      overflow_temple_1_default, lemuel_mausoleum_altar_kikubaaqudgha,
          david_orc_3, serial_shops, shop, enter_bailey_3,
          hangedman_pestilent_swarm
D:10:     enter_trove_5, serial_shops, nicolae_shop_overgrown_old_shop,
          minivault_10
D:11:     minmay_coctagon, lair_entry_dummy, chequers_guarded_unrand_ignorance
Temple:   nicolae_temple_elliptical
Lair:1:   gauntlet_entry_generic
Orc:1:    uniq_erica
Sewer:    sewer_co_purgy_island
Bailey:   bailey_axe_4, bailey
Gauntlet: minmay_gauntlet_77_indecision

Skill      XL: |  1  2  3  4  5  6  7  8  9 10 11 12 |
---------------+-------------------------------------+-----
Stealth        | 3 4 5 6 7 |  7.3
Fighting       | 4 5 6 8 9 10 | 10.6
Dodging        | 3 4 5 6 7 8 |  8.2
Maces & Flails | 4 5 6 8 9 11 12 | 12.0
Armour         | 3 5 7 |  7.8
Shields        | 2 4 |  4.0
Invocations    | 2 5 |  5.1

Action                   |  1- 3 |  4- 6 |  7- 9 | 10-12 || total
-------------------------+-------+-------+-------+-------++-------
Melee: Mace              |    83 |       |       |       ||    83
       Whip              |     1 |   261 |   605 |   471 ||  1338
       Morningstar       |       |       |       |   669 ||   669
Throw: Javelin           |       |       |       |     3 ||     3
Invok: Recite            |       |       |     8 |    14 ||    22
       Vitalisation      |       |       |     6 |    19 ||    25
       Imprison          |       |       |       |     1 ||     1
Evoke: Wand              |       |       |       |     6 ||     6
  Use: Scroll            |       |       |     5 |    27 ||    32
       Potion            |       |       |     7 |    17 ||    24
 Stab: Sleeping          |     5 |     5 |       |       ||    10
       Confused          |       |       |     1 |     3 ||     4
       Paralysed         |       |       |       |     1 ||     1
  Eat: Chunk             |       |     8 |     7 |    10 ||    25
       Ration            |       |       |     3 |     7 ||    10
Armor: Robe              |    31 |     5 |       |       ||    36
       Leather armour    |       |    62 |       |       ||    62
       Chain mail        |       |    62 |   450 |   686 ||  1198
Dodge: Dodged            |    75 |   189 |   324 |   646 ||  1234
Block: Buckler           |       |       |       |    78 ||    78

Table legend:
 A = Non-vault XP
 B = Vault XP
 C = Vault XP percentage of total XP
 D = Non-vault monster count
 E = Vault monster count
 F = Vault count percentage of total count
                 A         B        C        D         E       F
            +---------+---------+-------+---------+---------+-------
      Total |   20064 |    8027 |  28.6 |     302 |      84 |  21.8
            +---------+---------+-------+---------+---------+-------
        D:1 |      37 |       1 |   2.6 |      20 |       1 |   4.8
        D:2 |     100 |      10 |   9.1 |      30 |       7 |  18.9
        D:3 |     185 |      41 |  18.1 |      35 |       4 |  10.3
        D:4 |     347 |       0 |   0.0 |      18 |       0 |   0.0
        D:5 |     719 |     172 |  19.3 |      16 |       5 |  23.8
        D:6 |    1994 |       0 |   0.0 |      32 |       0 |   0.0
        D:7 |     957 |       0 |   0.0 |      22 |       0 |   0.0
        D:8 |     958 |       0 |   0.0 |      17 |       0 |   0.0
        D:9 |    3264 |    1315 |  28.7 |      40 |      25 |  38.5
       D:10 |    4025 |    2849 |  41.4 |      27 |       7 |  20.6
       D:11 |    7185 |     648 |   8.3 |      42 |       2 |   4.5
     Temple |      29 |      36 |  55.4 |       2 |       1 |  33.3
     Lair:1 |     264 |       0 |   0.0 |       1 |       0 |   0.0
      Sewer |       0 |     154 | 100.0 |       0 |       4 | 100.0
     Bailey |       0 |    1345 | 100.0 |       0 |      25 | 100.0
   Gauntlet |       0 |    1456 | 100.0 |       0 |       3 | 100.0
            +---------+---------+-------+---------+---------+-------
